[Event "Late-Titled-Tuesday-Blitz-October-10-2023"]
[Site "Chess.com"]
[Date "2023.10.10"]
[Round "2"]
[White "orestn"]
[Black "lamomiajunior"]
[Result "0-1"]
[WhiteElo "2387"]
[BlackElo "2723"]
[TimeControl "180+1"]
[EndTime "14:15:51 PDT"]
[Termination "lamomiajunior won by resignation"]

1. e4 c6 2. d4 d5 3. Nc3 dxe4 4. Nxe4 Nf6 5. Nxf6+ exf6 6. Bc4 Bd6 7. Qe2+ Qe7 8.
Qxe7+ Kxe7 9. Nf3 Bf5 10. Bb3 a5 11. a4 Na6 12. c3 Rhe8 13. Be3 Nc7 14. Kd2 Be4 15.
Ne1 Kf8 16. f3 Bd5 17. Bc2 Rad8 18. Nd3 Ne6 19. Rae1 Bc4 20. b3 Ba6 21. Bf2 Bc7 22.
Kc1 Bxd3 23. Bxd3 Nf4 24. Bf1 Rxe1+ 25. Bxe1 Re8 26. Kd2 Nd5 27. Bg3 h5 28. Bxc7 Nxc7 29. Bc4 h4 30. Re1 Rd8 31. Kc2 b5 32. axb5 cxb5 33. Bd3 b4 34. Bc4 g5 35. Ra1 Ra8 36. cxb4 axb4 37. Rxa8+ Nxa8 38. Kd3 Nb6 39. d5 Ke7 40.
d6+ Kxd6 41. Bxf7 Ke5 42. Ke3 f5 43. g3 f4+ 44. gxf4+ gxf4+ 45. Kd3 Nc8 46. Be8 Nd6 47. Bd7 Kd5 48. Bh3 Nb5 49. Bd7 Nd4 50. Bc8 Nxb3 51. Bb7+ Ke5 52. Kc4 Na5+ 0-1

[Event "Late-Titled-Tuesday-Blitz-October-10-2023"]
[Site "Chess.com"]
[Date "2023.10.10"]
[Round "2"]
[White "topin8"]
[Black "ritanovikova"]
[Result "1-0"]
[WhiteElo "2424"]
[BlackElo "2108"]
[TimeControl "180+1"]
[EndTime "14:15:52 PDT"]
[Termination "topin8 won by resignation"]

1. e4 d5 2. exd5 Qxd5 3. Nc3 Qd6 4. Nf3 Nf6 5. d4 a6 6. Be2 Bg4 7. h3 Bh5 8. g4 Bg6 9. Ne5 Nc6 10. Nxc6 Qxc6 11.
Bf3 Qb6 12. O-O e6 13. Be3 Qa5 14. Bxb7 Rd8 15. Bc6+ Nd7 16. d5 Bc5 17. dxe6 fxe6 18. Bg5 Be7 19. Bxe7 Kxe7 20. Qe2 Qc5 21. Bd5 Bf7 22.
Rfe1 Qd6 23. Rad1 Qb6 24. Bb3 Rhe8 25. Nd5+ Kf8 26. Nxb6 Nxb6 27. Qxa6 h5 28. Qb7 hxg4 29. hxg4 Rb8 30. Qxc7 1-0

[Event "Late-Titled-Tuesday-Blitz-October-10-2023"]
[Site "Chess.com"]
[Date "2023.10.10"]
[Round "2"]
[White "chessisveryfun1264"]
[Black "BlueWizzard"]
[Result "0-1"]
[WhiteElo "2581"]
[BlackElo "2906"]
[TimeControl "180+1"]
[EndTime "14:15:58 PDT"]
[Termination "BlueWizzard won by resignation"]

1. Nf3 d5 2. g3 c5 3. Bg2 h5 4. b3 Nc6 5. Bb2 Nf6 6. e3 Bf5 7. d3 e6 8. Nbd2 Qc7 9. Qe2 Be7 10.
e4 dxe4 11. dxe4 Bg4 12. h3 Bxf3 13. Nxf3 Qa5+ 14. c3 e5 15. O-O O-O 16. Nd2 b5 17. Kh1 Rad8 18. Nf3 b4 19. cxb4 cxb4 20. Qc4 Rc8 21.
Rfc1 Qb6 22. Rc2 Kh7 23. Ng5+ Kg6 24. h4 Nd4 25. Qxc8 Rxc8 26. Rxc8 Ng4 27. f3 Nf2+ 28.
Kh2 Bxg5 29. hxg5 Kxg5 30. Rf1 Nd3 31. Bxd4 Qxd4 32. Rc6 f6 33. Rc2 h4 34. Rd1 hxg3+ 35.
Kxg3 Qe3 36. Bh3 Ne1 0-1

[Event "Late-Titled-Tuesday-Blitz-October-10-2023"]
[Site "Chess.com"]
[Date "2023.10.10"]
[Round "2"]
[White "Maestro1986"]
[Black "Cayse"]
[Result "0-1"]
[WhiteElo "2553"]
[BlackElo "2856"]
[TimeControl "180+1"]
[EndTime "14:16:02 PDT"]
[Termination "Cayse won by resignation"]

1. d4 d5 2. Nf3 Nf6 3. c4 e6 4. g3 Be7 5. Bg2 O-O 6. O-O c6 7. Qc2 Nbd7 8. Nbd2 b6 9. e4 Bb7 10. e5 Ne8 11. b3 Rc8 12. cxd5 cxd5 13. Qd3 Nc7 14. Re1 Ba6 15. Qe3 Nb5 16. Bb2 Ba3 17.
Rab1 Qe7 18. Bf1 Nb8 19. Bxb5 Bxb5 20. Kg2 Na6 21. Bc3 h6 22. h4 Nb4 23. Bxb4 Qxb4 24. g4 Rc3 25. Qf4 Bd3 26. Rbd1 Bc2 27. h5 Bxd1 28.
Rxd1 Rc1 29. Rxc1 Bxc1 30. g5 Bxd2 31. Nxd2 hxg5 32. Qxg5 f6 33. exf6 Rxf6 34. Nf3 Qf8 35. Qg4 Kh8 36. Qg3 Qf7 37. Qh3 Rf5 38. h6 Qg6+ 39. Kf1 Qxh6 40. Qxh6+ gxh6 41. Ne5 Rxe5 0-1

[Event "Late-Titled-Tuesday-Blitz-October-10-2023"]
[Site "Chess.com"]
[Date "2023.10.10"]
[Round "2"]
[White "schondeln"]
[Black "Druid24"]
[Result "0-1"]
[WhiteElo "2373"]
[BlackElo "2719"]
[TimeControl "180+1"]
[EndTime "14:16:02 PDT"]
[Termination "Druid24 won by checkmate"]

1. e4 c5 2. Nf3 d6 3. Bc4 Nf6 4. d3 g6 5. h3 Bg7 6. Bb3 O-O 7. O-O Nc6 8. c3 b5 9. Nbd2 a5 10. a3 a4 11. Bc2 Bb7 12. Re1 Ne5 13. d4 cxd4 14.
cxd4 Nxf3+ 15. Nxf3 Rc8 16. Bd3 Qb6 17. Bd2 Rfd8 18. Re2 e5 19. d5 Nd7 20. Be3 Nc5 21. Rc2 Qa5 22. Rac1 Nxd3 23. Qxd3 Rxc2 24. Rxc2 h6 25.
Bd2 Qa6 26. Bb4 Qb6 27. Nd2 Bf8 28. Nb1 Rc8 29. Rxc8 Bxc8 30. Nc3 Bd7 31. h4 Kg7 32. g3 f5 33. Kg2 Qd4 34. Qe2 Be7 35. exf5 Bxf5 36.
Nxb5 Qxd5+ 37. Kh2 Bh3 38. f3 Bd7 39. Nc3 Qe6 40. g4 Bxh4 41. Qd3 Be7 42. Ne4 d5 43. Nc5 Bxc5 44. Bxc5 d4 45. f4 Qxg4 46. fxe5 Bc6 47. Bxd4 Qg2# 0-1

[Event "Late-Titled-Tuesday-Blitz-October-10-2023"]
[Site "Chess.com"]
[Date "2023.10.10"]
[Round "2"]
[White "GlavkonVVS"]
[Black "Sofiia_Hryzlova"]
[Result "1-0"]
[WhiteElo "2525"]
[BlackElo "2313"]
[TimeControl "180+1"]
[EndTime "14:16:02 PDT"]
[Termination "GlavkonVVS won by resignation"]

1. c4 e5 2. Nc3 Nc6 3. g3 g6 4. Bg2 Bg7 5. e3 Nge7 6. Nge2 O-O 7. d3 d6 8. Rb1 a5 9. a3 Be6 10. Nd5 Kh8 11. Nec3 f5 12. O-O Ng8 13. f4 Nf6 14. b4 axb4 15. axb4 Rb8 16. b5 Ne7 17. fxe5 dxe5 18.
Ba3 Bxd5 19. Nxd5 Nfxd5 20. cxd5 Rf6 21. e4 Nc8 22. Bh3 f4 23. gxf4 Rxf4 24. Rxf4 exf4 25. Qg4 Qf6 26. Bb2 Qb6+ 27. Kh1 Bxb2 28. Rxb2 Qd4 29. Qxf4 Nd6 30. Rf2 Kg7 31. b6 cxb6 32. Kg2 Rd8 33. Qg5 Rd7 34. Bxd7 Qxd3 35. Qe7+ Kh6 36. Qf8+ Kh5 37. Qf3+ 1-0

[Event "Late-Titled-Tuesday-Blitz-October-10-2023"]
[Site "Chess.com"]
[Date "2023.10.10"]
[Round "2"]
[White "realmadridfc123"]
[Black "emeli_chess"]
[Result "1-0"]
[WhiteElo "2808"]
[BlackElo "2403"]
[TimeControl "180+1"]
[EndTime "14:16:05 PDT"]
[Termination "realmadridfc123 won by resignation"]

1. Nf3 f5 2. d4 Nf6 3. c4 g6 4. Nc3 Bg7 5. g3 O-O 6. Bg2 d6 7. O-O c6 8. Re1 Na6 9. Qb3 h6 10. Bd2 Qc7 11. e4 fxe4 12. Nxe4 Nxe4 13. Rxe4 Bf5 14.
Ree1 g5 15. Bc3 Rae8 16. Re3 e5 17. dxe5 Nc5 18. Qa3 b6 19. exd6 Qxd6 20. Bxg7 Kxg7 21. Qxa7+ Rf7 22. Qa3 Rxe3 23. Qxe3 Re7 24. Qd4+ Qxd4 25. Nxd4 Be4 26. Re1 Kf6 27. Bxe4 Rxe4 28. Rxe4 Nxe4 29. Nxc6 Nd2 30. b3 g4 31. Kg2 Kf5 32. h3 h5 33.
hxg4+ hxg4 34. Nd4+ Ke4 35. Nc2 Kd3 36. Ne3 Kc3 37.
Nd5+ Kb2 38. Nxb6 Kxa2 39. c5 Nxb3 40. c6 1-0

[Event "Late-Titled-Tuesday-Blitz-October-10-2023"]
[Site "Chess.com"]
[Date "2023.10.10"]
[Round "2"]
[White "Firouzja2003"]
[Black "wadsy27"]
[Result "1-0"]
[WhiteElo "3068"]
[BlackElo "2639"]
[TimeControl "180+1"]
[EndTime "14:16:07 PDT"]
[Termination "Firouzja2003 won by resignation"]

1. d4 d5 2. c4 c6 3. Nf3 Nf6 4. e3 Bf5 5. Nc3 e6 6. Nh4 Be4 7. f3 Bg6 8. Bd2 Nbd7 9. Qb3 dxc4 10. Bxc4 Ne4 11. Nxe4 Bxe4 12. g3 Bd5 13. Bxd5 cxd5 14.
Qxb7 Be7 15. Ng2 Rb8 16. Qxa7 Rxb2 17. Nf4 O-O 18. Nd3 Rc2 19. Ke2 Nb6 20. Rhc1 Rxc1 21.
Rxc1 Nc4 22. Ne5 Nxe5 23. dxe5 f6 24. Rc7 Re8 25. Bb4 d4 26. Rxe7 d3+ 27. Kd2 Rxe7 28.
Qxe7 Qa8 29. Qxe6+ Kh8 30. exf6 1-0

[Event "Late-Titled-Tuesday-Blitz-October-10-2023"]
[Site "Chess.com"]
[Date "2023.10.10"]
[Round "2"]
[White "Superfelix"]
[Black "GaiozNigalidze"]
[Result "1-0"]
[WhiteElo "2498"]
[BlackElo "2732"]
[TimeControl "180+1"]
[EndTime "14:16:07 PDT"]
[Termination "Superfelix won by resignation"]

1. e4 c5 2. Nf3 Nc6 3. Bb5 g6 4.
Bxc6 bxc6 5. h3 Bg7 6. d3 e5 7.
O-O d6 8. Nbd2 Ne7 9. a4 a5 10. Nc4 O-O 11. Nfd2 f5 12. f4 exf4 13. Rxf4 d5 14. exd5 cxd5 15. Na3 Qd6 16. Nb3 Ba6 17. Rf1 Bb7 18. Nb5 Qc6 19. d4 c4 20. Nc5 Bc8 21.
c3 f4 22. Rxf4 Rxf4 23. Bxf4 Bf5 24. Qe2 Re8 25. Re1 Bf6 26. Qe3 Rf8 27. Bg5 Rf7 28.
Bxf6 Qxf6 29. Rf1 Qh4 30. Nd6 Rg7 31. Ne6 Bxe6 32. Qxe6+ Kh8 33. Rf8+ Ng8 34. Nf7+ Rxf7 35. Qxf7 1-0

[Event "Late-Titled-Tuesday-Blitz-October-10-2023"]
[Site "Chess.com"]
[Date "2023.10.10"]
[Round "2"]
[White "rychessmaster1"]
[Black "ElenGajger"]
[Result "1-0"]
[WhiteElo "2702"]
[BlackElo "2393"]
[TimeControl "180+1"]
[EndTime "14:16:07 PDT"]
[Termination "rychessmaster1 won by resignation"]

1. Nf3 Nf6 2. c4 g6 3. Nc3 d5 4. cxd5 Nxd5 5. h4 Nxc3 6. bxc3 c5 7. h5 Bg7 8. g3 Nc6 9. Bg2 Bd7 10. Bb2 Qc7 11.
h6 Bf6 12. O-O O-O 13. d4 b6 14. Rc1 Rac8 15. Qd2 Na5 16. Ba1 Rfd8 17. Rfd1 Ba4 18. Re1 e5 19. e3 Qe7 20. Nh2 Bc6 21. f4 exd4 22. cxd4 Bxg2 23. Qxg2 cxd4 24. Rxc8 Rxc8 25. Ng4 Bh8 26. Rd1 dxe3 27. Bxh8 Kxh8 28. Qb2+ f6 29.
Nxf6 Nc4 30. Qd4 Qc5 31. Qxc5 bxc5 32. Rd7 1-0

[Event "Late-Titled-Tuesday-Blitz-October-10-2023"]
[Site "Chess.com"]
[Date "2023.10.10"]
[Round "2"]
[White "Denis_Makhnyov"]
[Black "IMGC"]
[Result "1-0"]
[WhiteElo "2910"]
[BlackElo "2410"]
[TimeControl "180+1"]
[EndTime "14:16:09 PDT"]
[Termination "Denis_Makhnyov won on time"]

1. d4 Nf6 2. c4 g6 3. g3 Bg7 4. Bg2 O-O 5. Nc3 c5 6. d5 d6 7. Nf3 a6 8. O-O b5 9. cxb5 axb5 10. Nxb5 Ba6 11. Nc3 Nbd7 12. Qc2 Nb6 13. Rd1 Bb7 14. e4 Ba6 15. Rb1 Nfd7 16. b3 Qc7 17. a4 Rfb8 18. Bf4 c4 19. Ne2 Nc5 20. b4 Ncxa4 21. Nfd4 c3 22. Nc6 Rc8 23. b5 Bb7 24. Rb4 Bxc6 25. dxc6 Ra5 26. e5 dxe5 27. Be3 Rca8 28. Nxc3 Nxc3 29.
Qxc3 1-0

[Event "Late-Titled-Tuesday-Blitz-October-10-2023"]
[Site "Chess.com"]
[Date "2023.10.10"]
[Round "2"]
[White "Grossboss19"]
[Black "Korchmar_Vasiliy"]
[Result "0-1"]
[WhiteElo "2522"]
[BlackElo "2759"]
[TimeControl "180+1"]
[EndTime "14:16:11 PDT"]
[Termination "Korchmar_Vasiliy won by resignation"]

1. c4 e6 2. Nc3 d5 3. d4 Nf6 4.
cxd5 exd5 5. Bg5 Be7 6. e3 h6 7.
Bh4 Bg4 8. Qb3 Nbd7 9. h3 Be6 10. Nge2 c5 11. Qd1 O-O 12. dxc5 Nxc5 13. Nf4 g5 14. Nxe6 fxe6 15. Bg3 Nfe4 16. Qc2 Bf6 17. Bd3 Nxg3 18. fxg3 Be5 19. O-O-O Rc8 20. Kb1 b5 21. Bxb5 Ne4 22. Qxe4 dxe4 23. Rxd8 Rfxd8 24. Nxe4 Rb8 25. Bc4 Rxb2+ 26. Kc1 Rc8 27. Nd2 Rxa2 28. Kb1 Ra1+ 29. Kc2 Rxh1 0-1

[Event "Late-Titled-Tuesday-Blitz-October-10-2023"]
[Site "Chess.com"]
[Date "2023.10.10"]
[Round "2"]
[White "MikeSailer"]
[Black "GHANDEEVAM2003"]
[Result "0-1"]
[WhiteElo "2169"]
[BlackElo "3049"]
[TimeControl "180+1"]
[EndTime "14:16:11 PDT"]
[Termination "GHANDEEVAM2003 won by resignation"]

1. d4 b6 2. c4 g6 3. Nc3 Bg7 4.
e4 Bb7 5. Be3 e6 6. f3 d6 7. Bd3 a6 8. Qd2 h6 9. Nge2 Nd7 10. a4 a5 11. Nb5 Ne7 12. O-O g5 13. f4 Nf6 14. e5 dxe5 15. fxe5 Ng4 16. Ng3 h5 17. Bxg5 h4 18. Ne4 h3 19. g3 Qd7 20. Nf6+ Bxf6 21. exf6 Qc6 22. d5 Qc5+ 23. Kh1 Nxd5 24. Be4 Qxc4 25. Rae1 O-O-O 26. Qe2 Qxe2 27. Rxe2 Ngxf6 28. Bxf6 Nxf6 29. Bxb7+ Kxb7 30. Rxf6 Rd1+ 0-1

[Event "Late-Titled-Tuesday-Blitz-October-10-2023"]
[Site "Chess.com"]
[Date "2023.10.10"]
[Round "2"]
[White "tylityli"]
[Black "HajiyevKanan"]
[Result "1-0"]
[WhiteElo "2356"]
[BlackElo "2566"]
[TimeControl "180+1"]
[EndTime "14:16:11 PDT"]
[Termination "tylityli won by resignation"]

1. d4 d5 2. c4 c6 3. cxd5 cxd5 4. Bf4 Nf6 5. e3 Nc6 6. Nc3 a6 7. Rc1 Bg4 8. f3 Bf5 9. g4 Bg6 10. h4 h5 11. g5 Ng8 12. Qb3 e6 13. Qxb7 Na5 14.
Qc7 Rc8 15. Qxd8+ Kxd8 16. Kd2 Nc4+ 17. Bxc4 Rxc4 18. Nge2 Bb4 19. a3 Ba5 20. b4 Bb6 21. Na4 Ba7 22. Rxc4 dxc4 23. e4 Ne7 24. Rc1 Kd7 25.
Rxc4 Rc8 26. Rxc8 Kxc8 27. Be5 f6 28. gxf6 gxf6 29. Bxf6 Nc6 30. Kc3 Be8 31. Nc5 Bxc5 32. dxc5 e5 33. f4 exf4 34. Nxf4 Kd7 35. Kc4 Bf7+ 36.
Nd5 Ke6 37. Bc3 Kd7 38. a4 Ne7 39. b5 axb5+ 40. axb5 Ng6 41. Bf6 Nf4 42. Kd4 Ne6+ 43. Kc4 Nf4 44. Bg5 Ne6 45. Kb4 Nxg5 46. hxg5 h4 47. Nf4 Be6 48. e5 h3 49. Nxh3 Bxh3 50.
g6 Be6 51. c6+ Kc7 52. Kc5 Bf5 53. b6+ Kc8 54. g7 Be6 55. Kd6 Bg8 56. e6 Kd8 57. e7+ Ke8 58. b7 1-0

[Event "Late-Titled-Tuesday-Blitz-October-10-2023"]
[Site "Chess.com"]
[Date "2023.10.10"]
[Round "2"]
[White "Noki102"]
[Black "josiwales"]
[Result "0-1"]
[WhiteElo "2459"]
[BlackElo "2744"]
[TimeControl "180+1"]
[EndTime "14:16:12 PDT"]
[Termination "josiwales won by resignation"]

1. d4 d5 2. Nc3 g6 3. h4 h5 4. Bf4 Bg7 5. e3 c6 6. Nf3 Nf6 7. Ne5 Bf5 8. f3 Nbd7 9. g4 hxg4 10.
fxg4 Be4 11. Nxe4 Nxe4 12. Qf3 Nxe5 13. Bxe5 Bxe5 14. dxe5 Qa5+ 15. c3 Nxc3 16. Kf2 Ne4+ 17. Kg2 Qb6 18. Be2 Qxb2 19. Rab1 Qxe5 20. Rxb7 Nc5 21. Rb4 f5 22. g5 Kd7 23. Rc1 Ne4 24. Rb7+ Kd6 25. Kh3 Rxh4+ 26. Kxh4 Rh8+ 0-1

[Event "Late-Titled-Tuesday-Blitz-October-10-2023"]
[Site "Chess.com"]
[Date "2023.10.10"]
[Round "2"]
[White "rdarruda"]
[Black "flukeyNZ"]
[Result "1-0"]
[WhiteElo "2505"]
[BlackElo "2258"]
[TimeControl "180+1"]
[EndTime "14:16:14 PDT"]
[Termination "rdarruda won by resignation"]

1. Nf3 d5 2. d4 Nf6 3. c4 e6 4.
Nc3 c5 5. e3 Nc6 6. cxd5 exd5 7. Be2 a6 8. O-O Bd6 9. dxc5 Bxc5 10. b3 O-O 11. Bb2 Re8 12. Rc1 Ba7 13. h3 h6 14. Na4 Bf5 15. Nd4 Nxd4 16. Bxd4 Bxd4 17. Qxd4 Re4 18. Qd2 Qe7 19. Bf3 Re6 20. Nc5 Rd6 21. Rfd1 Rad8 22. b4 d4 23. Nxb7 dxe3 24. Qxe3 Rxd1+ 25.
Rxd1 Rxd1+ 26. Bxd1 Qxb7 27. Qc5 Bd7 28. Bf3 Qb5 29.
Qe7 Qa4 30. Qd8+ Kh7 31. Qe7 Be6 32. Qc5 Qxa2 33. Kh2 Qa4 34. Bc6 Qb3 35. Bb7 Qc4 36.
Qd6 Bd5 37. Bxa6 Qxa6 38. Qxa6 Be6 39. Qd3+ g6 40. b5 Kg7 41. Qd4 1-0

[Event "Late-Titled-Tuesday-Blitz-October-10-2023"]
[Site "Chess.com"]
[Date "2023.10.10"]
[Round "2"]
[White "Squirlolz"]
[Black "Gravity_Chess"]
[Result "0-1"]
[WhiteElo "2567"]
[BlackElo "2880"]
[TimeControl "180+1"]
[EndTime "14:16:17 PDT"]
[Termination "Gravity_Chess won by resignation"]

1. e4 c5 2. d3 d5 3. Be2 dxe4 4.
dxe4 Qxd1+ 5. Bxd1 Nc6 6. f4 b6 7. Nf3 Bb7 8. c3 Nf6 9. Bc2 e6 10. Be3 Be7 11. Nbd2 h6 12. a4 O-O-O 13. Nc4 Ng4 14.
Bd2 Ba6 15. Ne3 Rxd2 16. Kxd2 Rd8+ 17. Nd5 exd5 18. exd5 Rxd5+ 19. Kc1 Kc7 20. Be4 Rd8 21. Re1 Bd6 22. g3 Na5 23. Kc2 Nf6 24. Bf5 g6 25.
Bh3 Bb7 26. Nd2 h5 27. Re2 Ng4 28. Rae1 Bc6 29. b3 c4 30. Nxc4 Nxc4 31. bxc4 Bxa4+ 32.
Kb2 Bc6 33. Bg2 Bxg2 34. Rxg2 Nf6 35. h3 Nd7 36. Kc2 Nc5 37. Rf2 f5 38. g4 hxg4 39.
hxg4 fxg4 40. Rg1 g3 41. Rf3 Ne4 42. Re3 Bc5 0-1

[Event "Late-Titled-Tuesday-Blitz-October-10-2023"]
[Site "Chess.com"]
[Date "2023.10.10"]
[Round "2"]
[White "NFChess13"]
[Black "Zapateado"]
[Result "1/2-1/2"]
[WhiteElo "2635"]
[BlackElo "2352"]
[TimeControl "180+1"]
[EndTime "14:16:18 PDT"]
[Termination "Game drawn by agreement"]

1. Nc3 c5 2. Nf3 g6 3. d4 cxd4 4. Qxd4 Nf6 5. Bg5 Nc6 6. Qh4 Bg7 7. O-O-O h6 8. Bd2 g5 9. Qa4 d6 10. e4 Bd7 11. Qa3 O-O 12. Bb5 a6 13. Bxc6 Bxc6 14.
e5 Ng4 15. exd6 Qxd6 16. Qxd6 exd6 17. Be1 Ne5 18. Nd5 Nxf3 19. gxf3 Kh7 20. h4 gxh4 21.
Rxh4 Rae8 22. Bb4 Re2 23. Nf4 Rxf2 24. Nh5 Bxf3 25. Rg1 Bxh5 26. Rxh5 Re8 27. Be1 Rfe2 28. Bd2 R8e6 29. c3 Rg6 30. Rd1 Rgg2 31. Rd5 Be5 32. Rf1 Kg6 33. Kd1 f5 34. Bc1 h5 1/2-1/2

[Event "Late-Titled-Tuesday-Blitz-October-10-2023"]
[Site "Chess.com"]
[Date "2023.10.10"]
[Round "2"]
[White "MBA_CHESS_2021"]
[Black "kreonx"]
[Result "1-0"]
[WhiteElo "2246"]
[BlackElo "2482"]
[TimeControl "180+1"]
[EndTime "14:16:18 PDT"]
[Termination "MBA_CHESS_2021 won by resignation"]

1. d4 Nf6 2. c4 e6 3. Nf3 Bb4+ 4. Bd2 Be7 5. e3 b6 6. Bd3 Bb7 7. Nc3 c5 8. O-O O-O 9. a3 d5 10. Rc1 Nbd7 11. cxd5 Nxd5 12. Nxd5 exd5 13. dxc5 bxc5 14. Bc3 Bf6 15. Be1 c4 16. Bb1 Bxb2 17. Qc2 g6 18. Qxb2 Bc6 19. Bc3 f6 20. Nd4 Ba4 21. Ne6 Qe8 22.
Nxf8 Qxf8 23. Bc2 Bc6 24. Bb4 Qf7 25. Qd4 a5 26. Bc3 h5 27. Rb1 h4 28. h3 g5 29. Bf5 Ne5 30. Rb6 Kg7 31. Rfb1 Re8 32. f4 gxf4 33. exf4 Bd7 34. fxe5 Bxf5 35. Rb7 Bd7 36.
exf6+ Kg8 37. Qxh4 Re2 38. Qg5+ Kh7 39. Rxd7 Qxd7 40.
Qh5+ Kg8 41. Qxe2 1-0

[Event "Late-Titled-Tuesday-Blitz-October-10-2023"]
[Site "Chess.com"]
[Date "2023.10.10"]
[Round "2"]
[White "giomar27"]
[Black "JoakimVonAnd"]
[Result "0-1"]
[WhiteElo "2292"]
[BlackElo "2694"]
[TimeControl "180+1"]
[EndTime "14:16:19 PDT"]
[Termination "JoakimVonAnd won by resignation"]

1. e4 g6 2. d4 Bg7 3. g3 c6 4. Bg2 d5 5. e5 c5 6. c3 Nc6 7.
Ne2 Bg4 8. Be3 cxd4 9. cxd4 Bxe2 10. Qxe2 e6 11. Nc3 Nge7 12. O-O h5 13. Nb5 Nf5 14. Bh3 Bf8 15. Rfd1 a6 16. Nc3 Be7 17. Rac1 h4 18. Bg2 hxg3 19. hxg3 Bg5 20. f4 Nxg3 21. Qg4 Nf5 22. Bf2 Bh4 23. Ne2 Bxf2+ 24.
Kxf2 Qh4+ 25. Qxh4 Rxh4 26. Rh1 Rxh1 27. Rxh1 Ke7 28. Rd1 Rh8 29. a3 Rh4 30. b4 g5 31.
fxg5 Nfxd4 32. Nc3 Rf4+ 33. Kg3 Rf5 34. Na4 Rxg5+ 35.
Kh4 Rxg2 0-1

[Event "Late-Titled-Tuesday-Blitz-October-10-2023"]
[Site "Chess.com"]
[Date "2023.10.10"]
[Round "2"]
[White "borocotoajua"]
[Black "AEMEffi"]
[Result "1-0"]
[WhiteElo "2563"]
[BlackElo "2335"]
[TimeControl "180+1"]
[EndTime "14:16:19 PDT"]
[Termination "borocotoajua won by resignation"]

1. d4 Nf6 2. Nf3 d5 3. c4 c6 4. g3 g6 5. Bg2 Bg7 6. O-O O-O 7. Nc3 Ne4 8. cxd5 Nxc3 9. bxc3 cxd5 10. Rb1 Nc6 11.
Bf4 b6 12. c4 e6 13. cxd5 exd5 14. Qa4 Bb7 15. Rbc1 Rc8 16. Bh3 f5 17. Bg2 Re8 18.
e3 h6 19. h4 Kh7 20. Rc2 Qe7 21. Rfc1 Red8 22. Bf1 Bf6 23. Bb5 g5 24. hxg5 hxg5 25. Bxg5 Bxg5 26. Bxc6 Bxc6 27. Rxc6 Rxc6 28. Qxc6 Bxe3 29.
Re1 Bxf2+ 30. Kxf2 Qg7 31. Rh1+ Kg8 32. Qe6+ 1-0

[Event "Late-Titled-Tuesday-Blitz-October-10-2023"]
[Site "Chess.com"]
[Date "2023.10.10"]
[Round "2"]
[White "Ykow"]
[Black "nitpicker"]
[Result "1-0"]
[WhiteElo "2508"]
[BlackElo "2266"]
[TimeControl "180+1"]
[EndTime "14:16:19 PDT"]
[Termination "Ykow won on time"]

1. c4 e5 2. Nf3 Nc6 3. Nc3 f5 4.
d4 e4 5. Ng5 Nf6 6. h4 Bb4 7.
e3 O-O 8. a3 Bxc3+ 9. bxc3 Qe7 10. Be2 d6 11. Rb1 b6 12. Nh3 Ba6 13. Nf4 Na5 14.
c5 Bxe2 15. Qxe2 Qf7 16. a4 Qc4 17. Qxc4+ Nxc4 18. Ne6 Rf7 19. cxd6 cxd6 20. Rb4 d5 21. Ke2 Re8 22. Nf4 Rc7 23. Bd2 Rec8 24. Rc1 Kf7 25. Be1 g6 26. Rb5 Na3 27. Rb3 Nc4 28. Ra1 a6 29. f3 h6 30. Nh3 Rg8 31. Bg3 Rc6 32.
Bf4 Rh8 33. Nf2 Nh5 34. Bh2 g5 35. g4 Nf6 36. gxf5 gxh4 37. fxe4 Nxe4 38. Nxe4 dxe4 39. Rh1 Rg8 40. Kf2 Rg5 41. Bf4 Rxf5 42. Rxh4 Rg6 43. Rb4 Nd2 44. Rh3 Nf3 45. Rg3 Rh5 46. Rxg6 Kxg6 47.
Rxb6+ Kh7 48. Rxa6 Rh1 49. d5 Rc1 50. d6 Rxc3 51. d7 Rd3 52. Rxh6+ Kg7 53. Rd6 1-0

[Event "Late-Titled-Tuesday-Blitz-October-10-2023"]
[Site "Chess.com"]
[Date "2023.10.10"]
[Round "2"]
[White "Maksimus1998"]
[Black "kuli4ik"]
[Result "0-1"]
[WhiteElo "2602"]
[BlackElo "2944"]
[TimeControl "180+1"]
[EndTime "14:16:20 PDT"]
[Termination "kuli4ik won on time"]

1. d4 g6 2. Bf4 Bg7 3. e3 d6 4. h3 Nd7 5. Nf3 e5 6. Bh2 Nh6 7. c4 O-O 8. Nc3 c6 9. Be2 Qe7 10. O-O f5 11. Qc2 Nf7 12. Rad1 e4 13. Nd2 Nf6 14. b4 Rd8 15. b5 c5 16. Nb3 Be6 17.
d5 Bd7 18. Qd2 Be8 19. Rfe1 Ne5 20. a4 g5 21. Na5 Rab8 22. Rb1 Nfd7 23. Rf1 Bg6 24.
Rb3 Rf8 25. f3 exf3 26. Bxf3 Nxf3+ 27. Rxf3 Ne5 28. Rf1 Rbe8 29. Nd1 Qd7 30. b6 a6 31. Ra3 Rf7 32. e4 f4 33. Nb3 Nxc4 0-1

[Event "Late-Titled-Tuesday-Blitz-October-10-2023"]
[Site "Chess.com"]
[Date "2023.10.10"]
[Round "2"]
[White "LoaySameer"]
[Black "Alexander_Donchenko"]
[Result "0-1"]
[WhiteElo "2556"]
[BlackElo "2864"]
[TimeControl "180+1"]
[EndTime "14:16:20 PDT"]
[Termination "Alexander_Donchenko won by resignation"]

1. Nf3 Nf6 2. g3 b5 3. Bg2 Bb7 4.
O-O e6 5. d3 c5 6. e4 d6 7. c3 Nbd7 8. Re1 Be7 9. Nbd2 O-O 10. a4 a6 11. Qb3 Bc6 12. d4 bxa4 13. Qc2 Qc7 14. e5 dxe5 15. dxe5 Nd5 16. Nc4 Rfd8 17.
h4 Nf8 18. h5 h6 19. Nfd2 Nb6 20. Nxb6 Bxg2 21. Kxg2 Qxb6 22. Rxa4 Bg5 23. Nc4 Qc6+ 24. Kg1 Bxc1 25. Rxc1 Qf3 26. Nd6 Qxh5 27. Qe4 Ng6 28. Re1 Qxe5 29. Qxe5 Nxe5 30. Rxe5 Rxd6 31. Rxc5 Rd2 32.
b4 Rb2 33. b5 a5 34. c4 Rd8 35. Ra3 Rdd2 36. Rf3 a4 37. Rc8+ Kh7 38. Ra8 f5 39. Rxa4 Rdc2 40. g4 fxg4 41. Rf7 g3 42. fxg3 Kg6 43.
Rf4 e5 44. Rf1 Rg2+ 0-1

[Event "Late-Titled-Tuesday-Blitz-October-10-2023"]
[Site "Chess.com"]
[Date "2023.10.10"]
[Round "2"]
[White "dodoucb"]
[Black "DonBroca"]
[Result "1-0"]
[WhiteElo "2480"]
[BlackElo "2215"]
[TimeControl "180+1"]
[EndTime "14:16:21 PDT"]
[Termination "dodoucb won by resignation"]

1. d4 g6 2. c4 Bg7 3. Nc3 c5 4. Nf3 cxd4 5. Nxd4 Nc6 6. e3 Nf6 7. Be2 O-O 8. Nxc6 dxc6 9. O-O Qc7 10. Qa4 Bf5 11. Bd2 Rfd8 12. Rfd1 Bd3 13. Bf3 Rd7 14. Be1 Rad8 15. Rac1 Bf5 16. h3 a6 17. e4 Be6 18.
Nd5 Bxd5 19. cxd5 Ne8 20. Ba5 b6 21. Rxc6 Qe5 22. Bxb6 Qxb2 23. Bxd8 Rxd8 24. Rxa6 Nd6 25. Ra8 Rxa8 26. Qxa8+ Bf8 27. Qa4 Kg7 28. Qb3 Qe5 29. Qd3 f6 30. a4 Kf7 31. a5 Bh6 32. a6 Nc8 33. Qc4 Nb6 34. Qb3 Na8 35. d6+ Qe6 36. Qxe6+ Kxe6 37. d7 1-0

[Event "Late-Titled-Tuesday-Blitz-October-10-2023"]
[Site "Chess.com"]
[Date "2023.10.10"]
[Round "2"]
[White "ArtemDyachuk"]
[Black "Oleksandr_Bortnyk"]
[Result "0-1"]
[WhiteElo "2635"]
[BlackElo "3051"]
[TimeControl "180+1"]
[EndTime "14:16:23 PDT"]
[Termination "Oleksandr_Bortnyk won by checkmate"]

1. e4 g6 2. d4 Bg7 3. Nc3 a6 4. h4 h5 5. Nf3 b5 6. Be3 Bb7 7. Bd3 Nf6 8. e5 Ng4 9. Bf4 c5 10. dxc5 Qc7 11. Qd2 Qxc5 12. a4 Bxf3 13. gxf3 Nxe5 14. Be4 Nc4 15. Qe2 Nc6 16. axb5 Nd4 17.
Qd1 Nxb2 18. Na4 Nxa4 19. Rxa4 d5 20. Bd3 Nxb5 21. Be3 Qc6 22. Bd2 Nc3 23. Bxc3 Bxc3+ 24. Ke2 Qxa4 25. Qb1 O-O 26. Bxg6 fxg6 27. Rg1 Qc4+ 28. Kd1 Rf6 29. Qb8+ Rxb8 30. Rxg6+ Rxg6 31. f4 Rg1# 0-1

[Event "Late-Titled-Tuesday-Blitz-October-10-2023"]
[Site "Chess.com"]
[Date "2023.10.10"]
[Round "2"]
[White "Roberz12"]
[Black "ameetghasi100"]
[Result "0-1"]
[WhiteElo "2437"]
[BlackElo "2729"]
[TimeControl "180+1"]
[EndTime "14:16:23 PDT"]
[Termination "ameetghasi100 won by resignation"]

1. d3 g6 2. g3 Nf6 3. Bg2 Bg7 4.
Nf3 O-O 5. O-O d6 6. c4 e5 7.
Nc3 Nc6 8. Rb1 Bf5 9. b4 Re8 10. e4 Bg4 11. Ne2 Qd7 12. b5 Nd8 13. Be3 a6 14. a4 axb5 15. Rxb5 Bh3 16. Nc3 Bxg2 17. Kxg2 Ng4 18. c5 c6 19. Rb3 Nxe3+ 20. fxe3 dxc5 21.
Qe2 Ne6 22. Nd2 Red8 23. Qf2 f6 24. Ne2 Rxa4 25. Nc4 Rb4 26. Rfb1 b5 27. Nd2 Rxb3 28. Rxb3 c4 29. dxc4 Nc5 30. cxb5 Qxd2 31. Rc3 Nxe4 32. Qf3 Nxc3 0-1